 Dungeon Crawl Stone Soup version 0.25.1-2-g60ff931df9 (webtiles) character file.

Game seed: 6153764411182288416

137 Colgate the Covert (level 5, -2/42 HPs)
             Began as a Naga Enchanter on Sept 5, 2020.
             Slain by an orc
             ... wielding a +0 trident
              (9 damage)
             ... on level 3 of the Dungeon.
             The game lasted 00:22:52 (2522 turns).

Colgate the Covert (Naga Enchanter)                 Turns: 2522, Time: 00:22:53

Health: -2/42      AC:  2    Str: 11    XL:     5   Next: 20%
Magic:  1/8        EV: 10    Int: 16    God:
Gold:   217        SH:  0    Dex: 11    Spells: 2/8 levels left

rFire    . . .     SeeInvis +   a - +1 dagger
rCold    . . .     Gourm    .   (no shield)
rNeg     . . .     Faith    .   b - +0 robe
rPois    +         Spirit   .   (no helmet)
rElec    .         Reflect  .   (no cloak)
rCorr    +         Harm     .   (no gloves)
MR       .....                  (no barding)
Stlth    ++++......             c - amulet of regeneration
HPRegen  0.54/turn              q - ring of resist corrosion
MPRegen  0.11/turn              (no ring)

@: hasted, quick
A: large, see invisible, deformed body, poison resistance, slowness 2, slow
metabolism 1, spit poison 1, AC +1
a: Spit Poison


You were on level 3 of the Dungeon.
You were hungry.

You visited 1 branch of the dungeon, and saw 3 of its levels.

You collected 217 gold pieces.

Inventory:

Hand Weapons
 a - a +1 dagger (weapon)
Missiles
 e - 53 arrows
 k - 64 stones (quivered)
Armour
 b - a +0 robe (worn)
Jewellery
 c - an amulet of regeneration (around neck)
 q - a ring of resist corrosion (left hand)
Wands
 o - a wand of enslavement (8)
Scrolls
 g - 2 scrolls of amnesia {unknown}
 h - 7 scrolls of identify {unknown}
 j - a scroll of fog {unknown}
 m - a scroll of remove curse {unknown}
 n - a scroll of immolation {unknown}
 r - a scroll of blinking {unknown}
 u - a scroll of enchant armour {unknown}
 v - a scroll of teleportation {unknown}
Potions
 f - a potion of brilliance {unknown}
 i - a potion of haste
 l - 2 potions of flight {unknown}
 p - 2 potions of curing {unknown}
 s - a potion of resistance {unknown}
Comestibles
 d - 4 rations
 t - a chunk of flesh


   Skills:
 - Level 1.0 Short Blades
 - Level 1.5 Dodging
 + Level 8.9 Stealth
 - Level 2.0 Spellcasting
 - Level 3.0 Hexes


You had 2 spell levels left.
You knew the following spells:

 Your Spells              Type           Power        Failure   Level  Hunger
a - Corona                Hex            ##.....      6%          1    #......
b - Ensorcelled Hibernat  Hex/Ice        #.....       17%         2    ###....
c - Confusing Touch       Hex            ##......     19%         3    ###....

Your spell library contained the following spells:

 Spells                   Type           Power        Failure   Level  Hunger
 Tukima's Dance           Hex            ##......     19%         3    ###....
 Dazzling Flash           Conj/Hex       #.....       32%         3    ###....


Dungeon Overview and Level Annotations

Branches:
Dungeon (3/15)

Altars:


Innate Abilities, Weirdness & Mutations

You cannot wear boots.
Your serpentine skin is tough. (AC +1)
You have supernaturally acute eyesight. (SInv)
Armour fits poorly on your strangely shaped body.
Your system is resistant to poisons. (rPois)
You cover ground very slowly.
You have a slow metabolism.
You can spit poison.


Message History

Press: ? - help, Shift-Dir - straight line, f - giant cockroach
Aim: a giant cockroach (chance to defeat MR: 55%)
The giant cockroach resists with significant effort.
You are feeling hungry.
You have got your breath back.
The giant cockroach closely misses you. The orc hits you but does no damage.
Casting: Ensorcelled Hibernation (safe; 17% risk of failure)
Confirm with . or Enter, or press ? or * to list all spells.
Aiming: Ensorcelled Hibernation (safe; 17% risk of failure)
Press: ? - help, Shift-Dir - straight line, f/p - giant cockroach
Aim: a giant cockroach (chance to defeat MR: 55%)
The giant cockroach resists with significant effort.
The giant cockroach bites you.
* * * LOW HITPOINT WARNING * * *
The orc misses you.
You are too injured to fight recklessly!
It was a potion of haste.
You feel yourself speed up. The giant cockroach barely misses you.
The orc hits you from afar with a +0 trident!
You die...

..# .. .. .# ####.#
....#.### #.....?.$
# #@#.#.#
##.####s#.#.#
#.....oS#.#.#.#
#.......#.#.#.# #
#.......#.#.#.#.#..
#........(.........
#..............#
#...........####
#...........# #.#


You could see an adder, an orc and a giant cockroach.

Vanquished Creatures
  A water moccasin skeleton (D:3)
  3 adders
  2 worms (D:2)
  2 leopard geckos (D:1)
  2 orcs (D:3)
  2 bats
  3 giant cockroaches
  8 hobgoblins
  5 jackals (D:2)
  6 kobolds
  A quokka (D:2)
  2 frilled lizards
  8 goblins
  11 rats
56 creatures vanquished.

Notes
Turn   | Place    | Note
-------+----------+-------------------------------------------
     0 | D:1      | Colgate the Naga Enchanter began the quest for the Orb.
     0 | D:1      | Reached XP level 1. HP: 15/15 MP: 3/3
   186 | D:1      | Reached skill level 5 in Stealth
   243 | D:1      | Reached XP level 2. HP: 21/22 MP: 3/5
   247 | D:1      | Learned a level 2 spell: Ensorcelled Hibernation
   454 | D:1      | Reached skill level 6 in Stealth
   852 | D:2      | Reached XP level 3. HP: 23/28 MP: 3/6
   910 | D:2      | Learned a level 3 spell: Confusing Touch
  1487 | D:2      | Reached skill level 7 in Stealth
  1828 | D:2      | Reached XP level 4. HP: 32/36 MP: 0/7
  2225 | D:3      | Reached skill level 8 in Stealth
  2509 | D:3      | Reached XP level 5. HP: 8/42 MP: 3/8
  2522 | D:3      | Slain by an orc

Illustrated notes

Levels and vault maps discovered:
D:1:      minmay_arrival_open_corners, layout_loops_ring
D:2:      layout_loops_cross
D:3:      layout_basic, first_ration, minmay_misc_feat_rows,
          makhleb_altar_promises_db

Skill      XL: |  1  2  3  4 |
---------------+-------------+-----
Stealth        | 5 6 7 8 |  8.9
Short Blades   | |  1.0
Dodging        | |  1.5
Spellcasting   | |  2.0
Hexes          | |  3.0

Action                   |  1- 3 |  4- 6 || total
-------------------------+-------+-------++-------
Melee: Dagger            |    58 |    21 ||    79
Throw: Stone             |       |     2 ||     2
 Cast: Corona            |     5 |       ||     5
       Ensorcelled Hiber |    21 |    12 ||    33
       Confusing Touch   |     1 |     4 ||     5
 Abil: Spit Poison       |    21 |     6 ||    27
  Use: Potion            |       |     1 ||     1
 Stab: Sleeping          |    29 |     5 ||    34
       Confused          |       |     3 ||     3
  Eat: Chunk             |     5 |     3 ||     8
Armor: Robe              |    11 |     7 ||    18
Dodge: Dodged            |    31 |    13 ||    44
